 Dungeon Crawl Stone Soup version 0.24-a0-479-g9a978d2 (webtiles) character file.

Game seed: 8913752410249630989

35 slavetoarmok the Magician (level 3, -1/19 HPs)
             Began as a Deep Elf Wizard on July 8, 2019.
             Slain by an orc wizard
             ... wielding a +0 dagger
              (4 damage)
             ... on level 1 of the Dungeon.
             The game lasted 00:02:14 (1573 turns).

slavetoarmok the Magician (Deep Elf Wizard)         Turns: 1573, Time: 00:02:15

Health: -1/19      AC:  2    Str:  4    XL:     3   Next: 16%
Magic:  10/12      EV: 13    Int: 23    God:
Gold:   25         SH:  0    Dex: 13    Spells: 12/13 levels left

rFire    . . .     SeeInvis .   (no weapon)
rCold    . . .     Gourm    .   (no shield)
rNeg     . . .     Faith    .   a - +0 robe
rPois    .         Spirit   .   b - +0 hat
rElec    .         Reflect  .   (no cloak)
rCorr    .         Harm     .   (no gloves)
MR       .....                  (no boots)
Stlth    ++........             (no amulet)
HPRegen  0.06/turn              (no ring)
MPRegen  0.13/turn              (no ring)

@: no status effects
A: no striking features
a: no special abilities


You were on level 1 of the Dungeon.
You were not hungry.

You visited 1 branch of the dungeon, and saw 2 of its levels.

You collected 25 gold pieces.

Inventory:

Armour
 a - a +0 robe (worn)
 b - a +0 hat (worn)
 p - a +0 robe
Jewellery
 e - a cursed ring of attention {unknown}
 j - an uncursed ring of positive energy {unknown}
Scrolls
 f - 2 scrolls of teleportation {unknown}
 g - a scroll of noise {unknown}
 m - a scroll of remove curse {unknown}
 n - a scroll of immolation {unknown}
 o - a scroll of enchant weapon {unknown}
Potions
 c - a potion of curing {unknown}
 h - a potion of degeneration {unknown}
 i - 2 potions of invisibility {unknown}
 k - 2 potions of agility {unknown}
 l - 2 potions of haste {unknown}
Comestibles
 d - 2 rations


   Skills:
 + Level 2.6 Dodging
 + Level 2.7 Stealth
 + Level 5.5 Spellcasting
 + Level 1.6 Conjurations
   Level 1.1 Summonings
   Level 1.1 Translocations


You had 12 spell levels left.
You knew the following spells:

 Your Spells              Type           Power        Failure   Level  Hunger
a - Magic Dart            Conj           ##..         4%          1    None

Your spell library contained the following spells:

 Spells                   Type           Power        Failure   Level  Hunger
 Blink                    Tloc           N/A          9%          2    None
 Call Imp                 Summ           ##......     9%          2    None
 Slow                     Hex            #.......     14%         2    None
 Conjure Flame            Conj/Fire      ##......     19%         3    ##.....
 Mephitic Cloud           Conj/Pois/Air  #.......     22%         3    ##.....


Dungeon Overview and Level Annotations

Branches:
Dungeon (2/15)

Altars:


Message History

The adder closely misses you.
There is a stone staircase leading down here.
The adder barely misses you.
There is a stone staircase leading up here.
The orc wizard barely misses you. The adder barely misses you.
The orc wizard hits you with a +0 dagger.
* * * LOW HITPOINT WARNING * * *
You climb upwards.
There is a stone staircase leading down here.
Casting: Magic Dart (safe; 4% risk of failure)
Confirm with . or Enter, or press ? or * to list all spells.
Aiming: Magic Dart (safe; 4% risk of failure)
Press: ? - help, Shift-Dir - straight line, f - adder
Aim: an adder The magic dart hits the adder.
The adder is lightly wounded.
The adder bites you.
* * * LOW HITPOINT WARNING * * *
The orc wizard hits you with a +0 dagger.
You die...

P≈≈≈.....#
#.....#.######.#
≈≈≈♣♣..#.######....#.#
#.#
≈♣≈♣♣..#...........#.#
#.#
≈≈≈P≈..#######.....#.#
#.# ≈≈≈P≈..# #.......#
#.# ≈≈♣♣≈..# #.....######
#.# ≈≈≈♣≈..# #..........#
#.#
≈≈≈♣≈#.#######..S..####.#
#.# ≈≈≈♣≈...........@o.#
#.# #.#
≈≈≈≈♣#.#######...#.# #.#
#.# ≈≈♣♣##.#
#...#.####.###.# ≈≈P≈##.#
##.#.#.#........#
≈≈♣≈##.#
#...........#####
PP≈≈##.# #...##......#
P≈≈###.# #......#.##.#
P≈## #.# #....#.#.##.#
♣P# #.# #....#.#.##.#


You could see an orc wizard and an adder.

Vanquished Creatures
  3 leopard geckos
  An orc (D:2)
  4 bats
  3 goblins (D:1)
  3 hobgoblins
  4 kobolds (D:1)
  3 frilled lizards (D:1)
  10 rats
31 creatures vanquished.

Notes
Turn   | Place    | Note
-------+----------+-------------------------------------------
     0 | D:1      | slavetoarmok the Deep Elf Wizard began the quest for the
                  | Orb.
     0 | D:1      | Reached XP level 1. HP: 10/10 MP: 7/7
   282 | D:1      | Reached skill level 5 in Spellcasting
   282 | D:1      | Reached XP level 2. HP: 2/15 MP: 5/10
  1422 | D:2      | Reached XP level 3. HP: 19/19 MP: 9/12
  1573 | D:1      | Slain by an orc wizard

Levels and vault maps discovered:
D:1:      dpeg_arrival_simpleton_a, layout_basic, serial_bayou_lake_a
D:2:      layout_loops_ring, first_ration

Skill      XL: |  1 |
---------------+----+-----
Spellcasting   | 5 |  5.5
Dodging        | |  2.6
Stealth        | |  2.7
Conjurations   | |  1.6
Summonings     | |  1.1
Translocations | |  1.1

Action                   || total
-------------------------++-------
 Cast: Magic Dart        ||    66
  Eat: Chunk             ||     2
Armor: Robe              ||     1
Dodge: Dodged            ||    13

Table legend:
 A = Non-vault XP
 B = Vault XP
 C = Vault XP percentage of total XP
 D = Non-vault monster count
 E = Vault monster count
 F = Vault count percentage of total count
                 A         B        C        D         E       F
            +---------+---------+-------+---------+---------+-------
      Total |      50 |       0 |   0.0 |      31 |       0 |   0.0
            +---------+---------+-------+---------+---------+-------
        D:1 |      38 |       0 |   0.0 |      25 |       0 |   0.0
        D:2 |      12 |       0 |   0.0 |       6 |       0 |   0.0
            +---------+---------+-------+---------+---------+-------
